Map: Port Aleksander LE

Players

ShoWTimE

  • Race: Protoss Protoss
  • League: Grandmaster
  • Spawn Location: 5:00

DnS - Winner!

  • Race: Protoss Protoss
  • Spawn Location: 11:00

Event: 2019 WCS Winter Europe

VOD

Have the link to the VOD?

Description

Time

  • Played on: Feb. 16, 2019, 9:07 a.m.
  • Length: 7:07

All games in this series

Show
View Real Time Build Order
Export as new Build Order

ShoWTimE Protoss 

Build Orders: Phoenix Opening, Proxy Void Ray 

Get SALT Encoding   

  12  0:00  Probe  
  13  0:12  Probe  
  14  0:18  Pylon  
  14  0:24  Probe  
  15  0:32  Probe  
  15  0:38  Gateway  
  15  0:40  Probe  
  16  0:47  Assimilator  
  17  0:50  Probe  
  17  0:56  Assimilator  
  18  0:58  Probe  
  19  1:06  Probe  
  20  1:14  Gateway  
  20  1:17  Probe  
  21  1:26  Cybernetics Core  
  21  1:29  Probe  
  22  1:38  Pylon  
  22  1:41  Probe  
  23  1:56  Probe  
  24  2:03  Stalker, Sentry, Warp Gate  
  28  2:11  Probe  
  28  2:12  Pylon  
  29  2:36  Phoenix, Stargate  
  29  2:40  Stalker  
  31  2:57  Nexus  
  31  3:05  Stalker  
  31  3:12  Shield Battery  
  33  3:17  Void Ray  
  37  3:34  Pylon  
  37  3:43  Shield Battery  
  37  3:52  Stalker  
  39  3:57  Shield Battery  
  39  3:58  Void Ray  
  43  4:16  Pylon  
  43  4:22  Stalker  
  45  4:25  Sentry  
  47  4:48  Stalker x2  
  47  5:05  Stalker x2  
  37  5:23  Shield Battery  
  37  5:27  Stalker x2  
  35  5:42  Void Ray  
  35  5:44  Shield Battery  
  35  5:47  Zealot  
  41  5:50  Adept  
  39  6:08  Stalker  
  35  6:20  Stalker  
  36  6:35  Stalker  
  38  6:44  Zealot  
  34  7:03  Stalker  
Show
View Real Time Build Order
Export as new Build Order

DnS Protoss - Winner!

Build Orders:  

Get SALT Encoding   

  12  0:00  Probe  
  13  0:12  Probe  
  14  0:18  Pylon  
  14  0:24  Probe  
  15  0:32  Probe  
  15  0:38  Gateway  
  15  0:40  Probe  
  16  0:48  Assimilator  
  17  0:51  Probe  
  17  0:56  Assimilator  
  18  1:00  Probe  
  19  1:08  Probe  
  19  1:09  Gateway  
  19  1:17  Probe  
  21  1:26  Cybernetics Core  
  21  1:29  Probe  
  22  1:36  Pylon  
  22  1:41  Probe  
  23  1:53  Warp Gate  
  23  1:54  Probe  
  24  2:02  Stalker x2  
  28  2:11  Pylon  
  28  2:32  Stalker x2  
  32  2:40  Gateway  
  32  2:55  Robotics Facility  
  32  3:02  Stalker  
  32  3:04  Stalker  
  36  3:15  Pylon  
  36  3:23  Shield Battery  
  36  3:44  Stalker x3, Warp Prism  
  44  4:02  Pylon  
  42  4:15  Stalker, Sentry  
  46  4:24  Stalker  
  46  4:47  Stalker x3  
  46  4:50  Pylon  
  40  5:12  Stalker x2  
  44  5:15  Stalker  
  36  5:40  Stalker x3  
  42  6:06  Stalker x3  
  48  6:18  Observer  
  45  6:34  Stalker x3  
  45  7:03  Stalker x3  
Tags
 
Add a new tag
Caveats
  • Supply blocks, unpowered buildings, or Contaminate may cause inaccurate times.
  • Supply counts are checked every 10 seconds.